USF Swarm Army [Comeback]

Match 36588776
End
Construct Barracks
Scout Squad
Selects Advanced Infantry Battlegroup
Riflemen Squad
Riflemen Squad
Grenade Package
Riflemen Squad
Selects Convert to Ranger Squad
Infantry Support Center
Construct Weapon Support Center
Riflemen Squad
M1918 Browning Automatic Rifles
Selects Frontline Medical Station
Bazooka Squad
Advanced Logistics
Frontline Medical Station
Selects Artillery Observers
Riflemen Squad
Bazooka Squad
Selects Infantry Assault
Construct Tank Depot
Infantry Assault
M18 Hellcat Tank Destroyer
Selects M2A1 105mm Howitzer Emplacement
Survival Training
Infantry Assault
Improved M9 Bazooka Rockets
Ranger Squad
Selects 155mm Rapid Artillery Barrage
Infantry Assault
M4A1 Sherman Medium Tank
Mochi_flamer
Achilles Gaming @ YouTube
Herogus3xD
勇于撤退先遣兵
【嗜血狼族】灵狐魅儿
MMMerVVV
CapeStalker披风虫
Lord Curzon
0
0

Comments sign in to comment!

No comments posted yet!